 Dungeon Crawl Stone Soup version 0.30.0-19-g36f170ea60 (webtiles) character file.

Game seed: 16224981113346862861

318 PoweredByGinger the Chopper (level 6, -11/38 HPs)
             Began as a Gargoyle Gladiator on May 27, 2023.
             Mangled by Blork the orc
             ... wielding a +0 war axe
              (14 damage)
             ... on level 4 of the Dungeon.
             The game lasted 00:03:11 (2421 turns).

PoweredByGinger the Chopper (Gargoyle Gladiator)    Turns: 2421, Time: 00:03:11

Health: -11/38     AC: 11    Str: 20    XL:     6   Next: 45%
Magic:  6/6        EV: 11    Int:  8    God:
Gold:   121        SH:  0    Dex: 11    Spells: 5/5 levels left

rFire   . . .        a - +0 war axe
rCold   . . .        (no shield)
rNeg    + . .        p - +0 ring mail
rPois   ∞            c - +0 helmet
rElec   +            (no cloak)
rCorr   .            (no gloves)
SInv    .            l - +0 pair of boots
Will    .....        (no amulet)
Stlth   +            (no ring)
HPRegen 0.26/turn    (no ring)
MPRegen 0.10/turn

%: no passive effects
@: no status effects
A: sickness immunity, AC +4, negative energy resistance 1, electricity
resistance, torment resistance 1, petrification resistance
a: no special abilities


You were on level 4 of the Dungeon.
You visited 1 branch of the dungeon, and saw 4 of its levels.

You collected 160 gold pieces.
You spent 39 gold pieces at shops.

Inventory:

Hand Weapons
 a - a +0 war axe (weapon)
Missiles
 d - 2 throwing nets (quivered)
 e - a javelin
 r - 5 poisoned darts
Armour
 c - a +0 helmet (worn)
 l - a +0 pair of boots (worn)
 p - a +0 ring mail (worn)
Scrolls
 b - a scroll of fear {unknown}
 h - a scroll of enchant weapon {unknown}
 i - a scroll of identify {unknown}
 m - 2 scrolls of brand weapon {unknown}
 n - a scroll of acquirement {unknown}
 o - a scroll of vulnerability {unknown}
Potions
 f - a potion of degeneration {unknown}
 g - a potion of brilliance {unknown}
 k - a potion of attraction {unknown}
 q - a potion of lignification {unknown}


   Skills:
 + Level 4.0 Fighting
 * Level 4.9 Axes
 - Level 1.7 Throwing
 + Level 3.5 Dodging


You had 5 spell levels left.
You didn't know any spells.
Your spell library contained the following spells:

 Spells                   Type           Power      Damage    Failure   Level
 Slow                     Hex            0%         N/A       58%         1
 Static Discharge         Conj/Air       0%         2-2/arc   75%         2
 Confusing Touch          Hex            0%         N/A       92%         3
 Vampiric Draining        Necr           0%         2d6       92%         3
 Airstrike                Air            0%         2d(0-16)  100%        4
 Summon Lightning Spire   Summ/Air       0%         N/A       100%        4


Dungeon Overview and Level Annotations

Branches:
Dungeon (4/15)
 Temple: D:4-7

Altars:

Shops:
D:1 !

Annotations:
D:2 1 runed translucent door, Crazy Yiuf
D:4 Blork the orc


Innate Abilities, Weirdness & Mutations

You are immune to sickness and miasma.
Your stone body is resilient. (AC +4)
You are immune to poison.
You resist negative energy. (rN+)
You are resistant to electric shocks. (rElec)
You are resistant to unholy torment.
You are immune to petrification.


Message History

You hit Blork the orc but do no damage.
Blork the orc screams, "I'm going to kill you!"
Blork the orc closely misses you. Blork the orc casts a spell at you.
The puff of flame hits you!
You hit Blork the orc but do no damage.
Blork the orc hits you with a +0 war axe!
The white imp picks up a beetle and eats it.
Blork the orc hits you with a +0 war axe!
* * * LOW HITPOINT WARNING * * *
Unknown command.
Throw: 3 throwing nets
Press: ? - help, Q - select action, (/) - cycle Shift-Dir - straight line, f - Blork the orc
Aim: Blork the orc, wielding a +0 war axe and wearing a +0 robe (fast, strong, 61% to hit)
You throw a throwing net. The throwing net hits Blork the orc.
Blork the orc is caught in the net!
Blork the orc struggles against the net.
Unknown command.
Unknown command.
You hit Blork the orc but do no damage.
Blork the orc points at you and mumbles some strange words.
The puff of flame hits you.
* * * LOW HITPOINT WARNING * * *
Blork the orc struggles against the net.
You feel better.
Blork the orc gestures at you while chanting.
The puff of flame hits you!
* * * LOW HITPOINT WARNING * * *
Blork the orc struggles against the net.
You slash Blork the orc!
Blork the orc is moderately wounded.
Blork the orc gestures at you while chanting.
The puff of frost hits you!
* * * LOW HITPOINT WARNING * * *
Blork the orc struggles against the net.
The net rips apart, and Blork the orc comes free!
You barely miss Blork the orc.
Blork the orc is moderately wounded.
Blork the orc hits you with a +0 war axe!
You die...

#.
#.
#.
#.
#.##
.5#
#o#
#@#
#.#
#.#
#<#
###


You could see Blork the orc (fast, strong) and a white imp.

Vanquished Creatures
  Sigmund (D:3)
  Jessica (D:3)
  Terence (D:2)
  5 adders
  3 dart slugs
  An orc (D:3)
  5 ball pythons
  4 bats
  8 endoplasms
  3 giant cockroaches
  6 goblins
  8 hobgoblins
  2 jackals (D:1)
  A quokka (D:1)
  4 frilled lizards
  4 kobolds
  6 rats
63 creatures vanquished.

Notes
Turn   | Place    | Note
-------+----------+-------------------------------------------
     0 | D:1      | PoweredByGinger the Gargoyle Gladiator began the quest for
                  | the Orb.
     0 | D:1      | Reached XP level 1. HP: 12/12 MP: 1/1
    90 | D:1      | Reached XP level 2. HP: 16/18 MP: 2/2
   351 | D:1      | Reached XP level 3. HP: 19/22 MP: 3/3
   507 | D:1      | Found Deyttih's Distillery.
   511 | D:1      | Bought a potion of curing for 39 gold pieces
   826 | D:2      | Found a faded altar of an unknown god.
   897 | D:2      | Reached XP level 4. HP: 22/27 MP: 4/4
  1074 | D:2      | Noticed Terence
  1080 | D:2      | Killed Terence
  1155 | D:2      | Found a runed translucent door.
  1156 | D:2      | Noticed Crazy Yiuf
  1590 | D:3      | Noticed Sigmund
  1609 | D:3      | Killed Sigmund
  1610 | D:3      | Reached XP level 5. HP: 30/33 MP: 5/5
  1610 | D:3      | Reached XP level 6. HP: 34/38 MP: 6/6
  2312 | D:3      | Noticed Jessica
  2321 | D:3      | Killed Jessica
  2410 | D:4      | Noticed Blork the orc
  2421 | D:4      | Mangled by Blork the orc

Illustrated notes

Levels and vault maps discovered:
D:1:      eino_arrival_cavern_e, layout_basic, serial_shops,
          nicolae_shop_peninsula
D:2:      layout_rooms, shapermc_ecumenical_altar_flowoftime,
          uniq_crazy_yiuf_cottage, uniq_terence
D:3:      layout_basic, uniq_jessica, uniq_sigmund
D:4:      layout_loops_ring, makhleb_heckhound_becter, nzn_wu_jian_council_hall,
          uniq_eustachio, uniq_blork_the_orc

Skill      XL: |  1  2  3  4  5  6 |
---------------+-------------------+-----
Axes           | 3 4 |  4.9
Fighting       | 3 4 |  4.0
Dodging        | 3 |  3.5
Throwing       | |  1.7

Action                     |  1- 3 |  4- 6 || total
---------------------------+-------+-------++-------
  Melee: War axe           |    70 |    79 ||   149
         Punch             |       |     1 ||     1
  Throw: Throwing net      |       |     1 ||     1
    Use: Potion            |       |     2 ||     2
 Armour: Leather armour    |    29 |    16 ||    45
         Ring mail         |       |    17 ||    17
  Dodge: Dodged            |    45 |    40 ||    85
